 Dungeon Crawl Stone Soup version 0.26-a0-962-g9b92081034 (webtiles) character file.

Game seed: 761089412736652620

38261 KristoblXynda the Carver (level 13, -2/116 HPs)
             Began as a Grey Draconian Artificer on Dec 2, 2020.
             Was a Priest of Ashenzari.
             Slain by a sixfirhy (10 damage)
             ... in a Gauntlet.
             The game lasted 00:35:11 (20201 turns).

KristoblXynda the Carver (DrAr)                    Turns: 20201, Time: 00:35:11

Health: -2/116     AC: 18    Str: 20    XL:     13   Next: 62%
Magic:  17/17      EV: 22    Int: 17    God:    Ashenzari [***...]
Gold:   396        SH:  0    Dex: 12    Spells: 14/18 levels left

rFire    . . .     SeeInvis +   s - +0 scimitar (drain) (curse)
rCold    . . .     Faith    .   (no shield)
rNeg     . . .     Spirit   .   (armour unavailable)
rPois    .         Reflect  .   (helmet restricted)
rElec    .         Harm     .   w - +0 cloak {rCorr} (curse)
rCorr    +         Rampage  .   A - +0 pair of gloves
MR       .....     NoTele   +   e - +2 pair of boots (curse)
Stlth    +++.......             (no amulet)
HPRegen  0.29/turn              a - +6 ring of strength
MPRegen  0.15/turn              p - +4 ring of evasion (curse)

@: no status effects
A: walk through water, unfitting armour, unbreathing, cold-blooded, AC +13
a: Curse Item, Scrying, Renounce Religion


You were in a Gauntlet.
You worshipped Ashenzari.
Ashenzari was most pleased with you.
You visited 1 branch of the dungeon, and saw 15 of its levels.
You also visited: Gauntlet.

You collected 917 gold pieces.
You spent 521 gold pieces at shops.

Inventory:

Hand Weapons
 h - a +3 spectral scimitar
 s - a cursed +0 scimitar of draining (weapon)
Armour
 e - a cursed +2 pair of boots (worn)
 w - a cursed +0 cloak of preservation (worn)
 A - a +0 pair of gloves (worn)
 E - a +0 kite shield
Jewellery
 a - a +6 ring of strength (left hand)
 b - an uncursed ring of see invisible (quivered)
 c - an uncursed ring of resist corrosion
 j - a +6 ring of dexterity
 o - an uncursed ring of flight
 p - a cursed +4 ring of evasion (right hand)
 x - an uncursed ring of poison resistance
 B - an uncursed ring of positive energy
Scrolls
 l - a scroll of fear
 m - 10 scrolls of remove curse
 n - 3 scrolls of blinking
 q - 2 scrolls of identify
 r - 3 scrolls of enchant armour
 u - 3 scrolls of magic mapping
 v - a scroll of teleportation
 y - 5 scrolls of enchant weapon
Potions
 d - 4 potions of attraction
 g - a potion of flight {unknown}
 i - 2 potions of curing
 k - 4 potions of lignification
 t - a potion of brilliance
 z - a potion of haste
 C - a potion of cancellation
 D - a potion of invisibility
Miscellaneous
 f - a box of beasts
 F - a phantom mirror


   Skills:
 - Level 11.3 Fighting
 - Level 3.1(8.9) Short Blades
 + Level 12.6(15.3) Long Blades
 + Level 10.8 Dodging
 - Level 5.0 Stealth
 + Level 3.0 Spellcasting
 + Level 4.6 Conjurations
 - Level 10.1 Evocations


You had 14 spell levels left.
You knew the following spells:

 Your Spells              Type           Power        Failure   Level
a - Sticky Flame          Conj/Fire      ##......     54%         4

Your spell library contained the following spells:

 Spells                   Type           Power        Failure   Level
 Beastly Appendage        Tmut           #.....       17%         1
 Conjure Flame            Conj/Fire      ##......     21%         3
 Static Discharge         Conj/Air       ##......     21%         3
 Poisonous Vapours        Pois/Air       #.....       26%         2
 Wereblood                Tmut           #.......     26%         2
 Mephitic Cloud           Conj/Pois/Air  #.......     28%         3
 Spider Form              Tmut/Pois      #.........   45%         3
 Iskenderun's Battlesphe  Conj           ###.....     56%         5
 Ice Form                 Ice/Tmut       #.......     86%         4
 Petrify                  Tmut/Erth      #.......     86%         4
 Irradiate                Conj/Tmut      ##........   88%         5
 Blade Hands              Tmut           #.........   99%         5
 Freezing Cloud           Conj/Ice/Air   #.........   100%        6
 Iron Shot                Conj/Erth      ##........   100%        6


Dungeon Overview and Level Annotations

Branches:
Dungeon (15/15)            Temple (0/1) D:7            Lair (0/6) D:11
    Orc (0/2) D:10         Vaults (0/5) D:14        Gauntlet (1/1)
 Depths: D:15

Altars:
Ashenzari
Cheibriados
Dithmenos
Elyvilon
Fedhas
Gozag
Hepliaklqana
Makhleb
Nemelex Xobeh
Qazlal
Sif Muna
Yredelemnul
Zin
The Shining One

Shops:
D:5 (   D:9 [(*[*   D:10 ?   D:11 (!   D:13 !

Portals:
Bazaar: D:13

Annotations:
D:7 1 runed translucent door
D:13 3 runed translucent doors Gauntlet 13 transporters, exclusion: orange crystal statue


Innate Abilities, Weirdness & Mutations

You can walk through water.
Your dull iron-grey scales are very hard. (AC +13)
You cannot fit into any form of body armour.
You can survive without breathing.
You are cold-blooded and may be slowed by cold attacks.


Message History

Unknown command.
Blink to where?
Press: ? - help, Dir - move target
As you read the scroll of blinking, it crumbles to dust.
The sixfirhy completely misses you.
Evoke which item? (* to show all) (? for menu, Esc to quit)
Okay, then.
You feel better.
Unknown command.
You closely miss the sixfirhy.
The sixfirhy is almost dead.
You hit the sixfirhy.
The sixfirhy is almost dead.
The sixfirhy misses you.
You miss the sixfirhy.
The sixfirhy is almost dead.
The sixfirhy hits you!
* * * LOW HITPOINT WARNING * * *
The sixfirhy shocks you!
You die...

#≈...............≈# #
####8..©.©.©.©.©.©..8#### ### # #
#8##≈...............≈##8# #8# #
#################################
.............≈§§.................
..............§§§................
##.###########.###########.######
.#.##.#$©"!..#.#..)[©.$..#.##hh°©
##.#.#.#8P#..#.#@##...##.#.#h#○..
##.##..####.##.#3#.###.#.#.#EE#..
.#.#...###...#.#3^##.##^.#.#...#.
##.#.#P©######.#....©....#.#....#
##.#.P..#..###.#..##.##..#.#h..#©
* #.P#.##.#.#.###.#.#.#EE#..
#.#P##.#..#P#.#^##...##^#.#E#☼.○
.#.##..##.#..#.#.......3.#.##hhR.
#################################


You could see 2 sixfirhies.

Vanquished Creatures
  Rupert (D:13)
  A fire dragon (D:13)
  Harold (D:10)
  2 boulder beetles (D:14)
  8 vault guards
  2 centaur warriors
  A catoblepas (D:14)
  3 death yaks (D:11)
  A two-headed ogre (D:11)
  Nergalle (D:11)
  A wizard (D:14)
  4 ugly things (D:14)
  5 deep elf magi
  A worldbinder (Gauntlet)
  2 manticores
  2 cyclopes
  A gargoyle (D:12)
  5 kobold demonologists
  A yaktaur (shapeshifter) (D:14)
  A komodo dragon (shapeshifter) (D:9)
  A rime drake (shapeshifter) (D:14)
  5 trolls
  A hornet (D:14)
  10 slime creatures
  Grinder (D:3)
  Sigmund (D:5)
  2 water elementals (D:14)
  13 yaks
  A wyvern (D:10)
  A wraith (D:13)
  A swamp worm (shapeshifter) (D:11)
  2 wargs (D:10)
  A water moccasin (D:8)
  4 orc warriors
  6 sky beasts
  Duvessa (D:5)
  4 ice beasts
  A phantom (D:11)
  3 black bears
  2 necrophages
  13 centaurs
  A boggart (Gauntlet)
  3 ogres
  7 big kobolds
  A wyvern zombie (D:9)
  Dowan (D:5)
  10 bullfrogs
  5 scorpions
  6 killer bees
  9 howler monkeys
  9 wights
  3 electric eels (D:9)
  2 quasits
  2 centaur zombies
  A bullfrog zombie (D:13)
  8 jellies
  16 orc wizards
  7 orc priests
  2 hounds
  A centaur skeleton (D:7)
  3 iguanas
  10 worker ants
  2 hell rats (D:11)
  A hound skeleton (D:11)
  2 worker ant zombies
  12 adders
  3 gnolls (D:5)
  A river rat (D:11)
  3 shadow imps
  4 white imps
  3 worms
  A dart slug (D:1)
  7 leopard geckos
  55 orcs
  9 bats
  4 giant cockroaches
  2 gnoll zombies (D:5)
  12 goblins
  3 hobgoblins
  19 jackals
  4 quokkas
  3 ball pythons
  4 frilled lizards
  17 kobolds
  2 leopard gecko skeletons
  A leopard gecko zombie (D:8)
  8 rats
407 creatures vanquished.

Vanquished Creatures (others)
  2 deep elf magi (D:13)
  66 plants
68 creatures vanquished.

Grand Total: 475 creatures vanquished

Notes
Turn   | Place    | Note
-------+----------+-------------------------------------------
     0 | D:1      | KristoblXynda the Draconian Artificer began the quest for
                  | the Orb.
     0 | D:1      | Reached XP level 1. HP: 16/16 MP: 1/1
   107 | D:1      | Reached XP level 2. HP: 23/23 MP: 2/2
  1148 | D:2      | Found a hazy altar of Hepliaklqana.
  1165 | D:2      | Reached XP level 3. HP: 29/29 MP: 3/3
  1618 | D:2      | Reached XP level 4. HP: 37/37 MP: 4/4
  1746 | D:2      | Reached skill level 1 in Short Blades
  2168 | D:3      | Noticed Grinder
  2204 | D:3      | Killed Grinder
  2205 | D:3      | Reached XP level 5. HP: 28/45 MP: 5/5
  2205 | D:3      | Reached XP level 6. HP: 32/51 MP: 6/6
  2395 | D:3      | Found a stormy altar of Qazlal.
  2395 | D:3      | Noticed a water elemental
  2400 | D:3      | Noticed an air elemental
  2400 | D:3      | Noticed a fire elemental
  2765 | D:3      | Found a sparkling altar of Nemelex Xobeh.
  2845 | D:3      | Found a burning altar of Makhleb.
  2864 | D:3      | Found a broken altar of Ashenzari.
  2872 | D:3      | Became a worshipper of Ashenzari the Shackled
  2901 | D:3      | Found a glowing golden altar of the Shining One.
  2913 | D:3      | Found an opulent altar of Gozag.
  3591 | D:4      | Your scales start taking on a dull iron-grey colour.
  3591 | D:4      | Reached XP level 7. HP: 52/59 MP: 7/7
  3591 | D:4      | Gained mutation: You can survive without breathing. [Grey
                  | Draconian growth]
  3933 | D:5      | Entered Level 5 of the Dungeon
  3953 | D:5      | Found a shadowy altar of Dithmenos.
  4076 | D:5      | Reached skill level 1 in Long Blades
  4085 | D:5      | Reached skill level 5 in Evocations
  4209 | D:5      | Found a basalt altar of Yredelemnul.
  4284 | D:5      | Reached skill level 2 in Long Blades
  4423 | D:5      | Found Arhiares's Antique Weapon Emporium.
  4448 | D:5      | Noticed Duvessa
  4450 | D:5      | Noticed Dowan
  4471 | D:5      | Killed Duvessa
  4493 | D:5      | Killed Dowan
  4661 | D:5      | Noticed Sigmund
  4676 | D:5      | Reached skill level 3 in Long Blades
  4676 | D:5      | Reached XP level 8. HP: 47/67 MP: 8/8
  4686 | D:5      | Killed Sigmund
  4687 | D:5      | Reached skill level 5 in Fighting
  5351 | D:6      | Reached skill level 4 in Long Blades
  5389 | D:6      | Reached skill level 5 in Dodging
  5536 | D:6      | Reached skill level 5 in Long Blades
  5753 | D:6      | Reached XP level 9. HP: 71/75 MP: 9/9
  6041 | D:7      | Found a shimmering blue altar of Sif Muna.
  6092 | D:7      | Found a staircase to the Ecumenical Temple.
  6262 | D:7      | Found a glowing silver altar of Zin.
  6262 | D:7      | Found a runed translucent door.
  6262 | D:7      | Noticed an angel
  6981 | D:8      | Reached skill level 6 in Long Blades
  7203 | D:8      | Reached * piety under Ashenzari
  7348 | D:8      | Found a blossoming altar of Fedhas.
  7612 | D:8      | Found a burning altar of Makhleb.
  8144 | D:9      | Reached skill level 7 in Long Blades
  8147 | D:9      | Noticed a komodo dragon
  8165 | D:9      | Killed a komodo dragon
  8166 | D:9      | Reached XP level 10. HP: 22/86 MP: 10/10
  8573 | D:9      | Found Topn's Weapon Emporium.
  8695 | D:9      | Found a snail-covered altar of Cheibriados.
  8828 | D:9      | Found a white marble altar of Elyvilon.
  8936 | D:9      | Found Uwoemiys's Antique Armour Shop.
  8939 | D:9      | Bought a glowing cloak for 157 gold pieces
  8967 | D:9      | Found Coqoefok's General Store.
  8975 | D:9      | Bought 2 potions of lignification for 84 gold pieces
  8975 | D:9      | Bought an uncursed ring of poison resistance for 280 gold
                  | pieces
  9018 | D:9      | Found Rettad Ado's Assorted Antiques.
  9055 | D:9      | Reached skill level 8 in Long Blades
  9677 | D:9      | Found Oxamuriox's Armour Emporium.
  9959 | D:10     | Entered Level 10 of the Dungeon
  9959 | D:10     | Found Laotow's Magic Scroll Shop.
 10330 | D:10     | Found a staircase to the Orcish Mines.
 10750 | D:10     | Reached skill level 9 in Long Blades
 10757 | D:10     | Noticed Harold
 10807 | D:10     | Killed Harold
 11170 | D:10     | Reached XP level 11. HP: 95/95 MP: 11/11
 11714 | D:11     | Noticed a two-headed ogre
 11717 | D:11     | Noticed a glowing shapeshifter
 11717 | D:11     | a two-headed ogre changed into a glowing shapeshifter
 11718 | D:11     | a glowing shapeshifter changed into a redback
 11724 | D:11     | Noticed a death drake
 11724 | D:11     | a redback changed into a death drake
 11727 | D:11     | a death drake changed into a snapping turtle
 12017 | D:11     | Noticed a death yak
 12045 | D:11     | Killed a death yak
 12093 | D:11     | Noticed a death yak
 12098 | D:11     | Noticed a death yak
 12117 | D:11     | Killed a death yak
 12118 | D:11     | Reached skill level 10 in Long Blades
 12136 | D:11     | Killed a death yak
 12295 | D:11     | Noticed a two-headed ogre
 12304 | D:11     | Killed a two-headed ogre
 12330 | D:11     | Found a staircase to the Lair.
 12397 | D:11     | Reached ** piety under Ashenzari
 12929 | D:11     | Noticed Nergalle
 12934 | D:11     | Noticed a spectral orc warlord
 12934 | D:11     | Noticed a spectral orc warlord
 12957 | D:11     | Killed Nergalle
 13070 | D:11     | Found Cein's Distillery.
 13350 | D:11     | Found Diett's Weapon Shoppe.
 13350 | D:11     | Noticed a centaur warrior
 13378 | D:11     | Killed a centaur warrior
 13661 | D:12     | Noticed a deep elf mage
 13680 | D:12     | Reached skill level 10 in Fighting
 13718 | D:12     | Noticed a sun demon
 13723 | D:12     | Noticed a soul eater
 14057 | D:11     | Killed a deep elf mage
 14374 | D:12     | Reached XP level 12. HP: 89/106 MP: 12/12
 14716 | D:12     | Reached skill level 11 in Long Blades
 15139 | D:13     | Found a gateway to a bazaar.
 15225 | D:13     | Found Sionoole's Distillery.
 15227 | D:13     | Noticed a fire dragon
 15245 | D:13     | Killed a fire dragon
 15246 | D:13     | Reached skill level 10 in Evocations
 15528 | D:13     | Identified the Compendium of Axaxaxas mlö
 15607 | D:13     | Identified the Tome of Dhcmrlchtdj
 15753 | D:13     | Learned a level 4 spell: Sticky Flame
 15782 | D:13     | Reached skill level 1 in Stealth
 15879 | D:13     | Identified Ageplege's Grimoire of Plaster Cramp
 16468 | D:13     | Noticed Rupert
 16480 | D:13     | Killed Rupert
 16700 | D:13     | Found a runed translucent gate.
 16700 | D:13     | Found a runed translucent gate.
 16702 | D:13     | Found a runed translucent gate.
 16705 | D:13     | Noticed a red very ugly thing
 16708 | D:13     | Noticed a red very ugly thing
 16741 | D:13     | Noticed a centaur warrior
 16756 | D:13     | Killed a centaur warrior
 16758 | D:13     | Reached skill level 10 in Dodging
 17013 | D:14     | Reached skill level 1 in Conjurations
 17413 | D:14     | Noticed a boulder beetle
 17425 | D:14     | Reached skill level 12 in Long Blades
 17461 | D:14     | Killed a boulder beetle
 17462 | D:14     | Reached XP level 13. HP: 53/116 MP: 13/13
 17929 | D:14     | Reached *** piety under Ashenzari
 18024 | D:14     | Found a gate to the Vaults.
 18110 | D:13     | Reached skill level 5 in Stealth
 18648 | D:14     | Reached skill level 1 in Spellcasting
 19716 | D:15     | Entered Level 15 of the Dungeon
 19831 | D:15     | Found a gate leading to a gauntlet.
 19839 | Gauntlet | Entered a Gauntlet
 19839 | Gauntlet | Found a transporter.
 19850 | Gauntlet | Found a transporter.
 19866 | Gauntlet | Found a transporter.
 19871 | Gauntlet | Found a transporter.
 19887 | Gauntlet | Found a transporter.
 19907 | Gauntlet | Found a transporter.
 19919 | Gauntlet | Found a transporter.
 19921 | Gauntlet | Found the +2 cloak of the Thief {*Fog Slay-2 SInv Stlth+}
 19931 | Gauntlet | Found a transporter.
 19943 | Gauntlet | Found a transporter.
 19952 | Gauntlet | Found a transporter.
 19975 | Gauntlet | Found a transporter.
 19992 | Gauntlet | Found a transporter.
 19994 | Gauntlet | Found a transporter.
 20019 | Gauntlet | Found a transporter.
 20021 | Gauntlet | Found a transporter.
 20023 | Gauntlet | Found a transporter.
 20055 | Gauntlet | Found a transporter.
 20057 | Gauntlet | Found a transporter.
 20201 | Gauntlet | Slain by a sixfirhy

Illustrated notes

Levels and vault maps discovered:
D:1:      lightli_arrival_boilingwater, layout_loops_ring, minmay_statues_item
D:2:      layout_basic, nicolae_overflow_crystal_walls
D:3:      layout_loops_ring, minmay_overflow_temple_star_hex,
          nicolae_qazlal_style_of_elements, uniq_grinder
D:4:      layout_basic, nrook_uturn
D:5:      layout_loops_ring, lemuel_zombie_altar_yredelemnul, serial_shops,
          shop, kennysheep_crisscross, st_stairs_7,
          chequers_serial_rivers_large_b, nicolae_dithmenos_the_darkroom,
          uniq_duvessa, uniq_sigmund
D:6:      layout_basic
D:7:      layout_loops_ring, kennysheep_little_box, minmay_temple_entry_ruins,
          lemuel_angel_altar
D:8:      layout_basic, overflow_temple_1_default, basic_altar
D:9:      layout_gridville, cheibriados_altar_1, old_standard_altar,
          serial_bayou, serial_bayou_shore_b, serial_bayou_pond_c,
          serial_bayou_lagoon_b, serial_bayou_ford_a, serial_shops,
          kennysheep_mini, shop, shop, shop, shop, kennysheep_generic_room_12
D:10:     layout_gridville, david_orc_3, serial_shops, shop,
          kennysheep_generic_room_7, uniq_harold
D:11:     layout_roguey, dpeg_lair_monsters, serial_shops, shop,
          minmay_stone_trees_small, kennysheep_windowed_goal, uniq_nergalle
D:12:     layout_irregular_city
D:13:     layout_stronghold, serial_shops, bzr_entry_gold, shop_fountains,
          ploomutoo_gammafunk_ghost_potion_laboratory,
          chequers_serial_rivers_small_a, bh_hangedman_babel_library,
          uniq_rupert
D:14:     minmay_wavy_crystal, layout_basic, erik_vaults_2,
          serial_bayou_lagoon_a
D:15:     hangedman_depths_entry_civil_slaughter, layout_basic,
          gauntlet_entry_generic, nicolae_ru_path_of_blood,
          corexii_checkpoint_b, minmay_pinched_square
Gauntlet: gammafunk_gauntlet_one_two_three
          [gammafunk_gauntlet_arena_split_diamond,
          gammafunk_gauntlet_arena_split_x, nicolae_gauntlet_arena_quarters,
          gammafunk_gauntlet_arena_spirals, gammafunk_gauntlet_arena_crates,
          gammafunk_gauntlet_arena_mazey, gammafunk_gauntlet_arena_corners,
          nicolae_gauntlet_arena_x, nicolae_gauntlet_arena_grate_2,
          nicolae_gauntlet_exit_dead_adventurers]

Skill      XL: |  1  2  3  4  5  6  7  8  9 10 11 12 13 |
---------------+----------------------------------------+-----
Fighting       | 2 3 4 6 7 8 10 11 | 11.3
Short Blades   | 2 3 |  3.1
Dodging        | 3 4 5 6 7 8 10 | 10.8
Evocations     | 4 5 6 7 8 9 10 | 10.1
Long Blades    | 3 5 7 9 10 12 | 12.6
Stealth        | 4 5 |  5.0
Conjurations   | 1 4 |  4.6
Spellcasting   | 3 |  3.0

Action                   |  1- 3 |  4- 6 |  7- 9 | 10-12 | 13-15 || total
-------------------------+-------+-------+-------+-------+-------++-------
Melee: Dagger            |   172 |   126 |   365 |       |       ||   663
       Tailslap          |    13 |    21 |    96 |   216 |    55 ||   401
       Scimitar          |       |       |   148 |   966 |   260 ||  1374
       Long sword        |       |       |    17 |       |       ||    17
Invok: Curse Item        |       |       |     1 |     1 |       ||     2
Evoke: Wand              |     4 |    14 |     6 |     9 |     2 ||    35
  Use: Scroll            |     5 |     2 |     8 |     6 |     2 ||    23
       Potion            |     1 |       |     2 |    10 |     4 ||    17
 Stab: Sleeping          |     3 |     1 |     5 |     5 |     2 ||    16
       Paralysed         |       |     5 |       |       |       ||     5
       Distracted        |       |       |     1 |       |       ||     1
       Invisible         |       |       |       |     2 |       ||     2
Armor: Skin              |    44 |    36 |   159 |   311 |    43 ||   593
Dodge: Dodged            |   109 |    65 |   312 |   947 |   134 ||  1567
       Rpst.: Scimitar   |       |       |    26 |   228 |    33 ||   287
       Long sword        |       |       |     5 |       |       ||     5

Table legend: (Time is in decaauts)
 A = Elapsed time spent in this place.
 B = Non-inter-level travel time spent in this place.
 C = Inter-level travel time spent in this place.
 D = Time resting spent in this place.
 E = Time spent auto-exploring this place.
 F = Levels seen in this place.
 G = Mean time per level.
                   A        B        C        D        E       F      G
               +--------+--------+--------+--------+--------+-----+--------+
         Total |  19855 |  19478 |    377 |   5850 |   9106 |  16 | 1240.9 |
       Dungeon |  19505 |  19128 |    377 |   5850 |   9072 |  15 | 1300.3 |
      Gauntlet |    349 |    349 |      0 |      0 |     34 |   1 |  349.0 |
               +--------+--------+--------+--------+--------+-----+--------+

Top non-repeatable levels by time:
    D:11: 2445 daAuts
    D:14: 2251 daAuts
    D:13: 2211 daAuts
     D:9: 1898 daAuts
    D:10: 1504 daAuts
     D:5: 1269 daAuts
     D:2: 1225 daAuts
     D:8: 1211 daAuts
     D:3: 1159 daAuts
    D:12: 1125 daAuts
     D:1: 875 daAuts
     D:7: 810 daAuts
     D:6: 784 daAuts
     D:4: 613 daAuts
Gauntlet: 349 daAuts
